Map: Frozen Temple

Players

Deadpool - Winner!

  • Race: Terran Terran
  • League: Diamond

A.I. 1 (Very Easy)

  • Race: Protoss Protoss

VOD

Have the link to the VOD?

Description

Time

  • Played on: Nov. 4, 2016, 8:34 p.m.
  • Length: 8:20
Show
View Real Time Build Order
Export as new Build Order

Deadpool Terran - Winner!

Build Orders: Reaper Expand, MMM Bio 

Get SALT Encoding   

  12  0:01  SCV  
  13  0:13  SCV  
  14  0:20  Supply Depot  
  14  0:25  SCV  
  15  0:41  SCV  
  15  0:42  Barracks  
  16  0:48  Refinery  
  16  0:54  SCV  
  17  1:06  SCV  
  18  1:18  SCV  
  19  1:31  Reaper  
  20  1:33  Orbital Command  
  20  1:43  Command Center, Unknown  
  20  1:59  Supply Depot  
  20  2:00  SCV  
  21  2:09  Refinery  
  21  2:12  SCV  
  22  2:18  Barracks Reactor  
  22  2:19  Barracks  
  22  2:24  SCV  
  23  2:33  Factory  
  23  2:36  SCV  
  24  2:48  SCV  
  25  2:55  Marine x2, Unknown  
  25  2:56  Orbital Command  
  27  3:00  SCV  
  28  3:06  Barracks Tech Lab  
  28  3:13  SCV  
  29  3:20  Marine x2  
  29  3:21  Starport  
  29  3:23  Factory Tech Lab  
  29  3:25  SCV  
  29  3:26  Combat Shields  
  32  3:29  Marine  
  32  3:33  SCV  
  34  3:37  SCV  
  34  3:40  Marine x2  
  37  3:45  SCV  
  37  3:47  Siege Tank  
  37  3:48  Marine  
  41  3:49  SCV  
  43  3:59  Medivac  
  43  4:01  SCV  
  46  4:08  Marine x2  
  46  4:09  Supply Depot, SCV  
  49  4:10  Supply Depot  
  49  4:13  SCV  
  50  4:17  Marine  
  50  4:22  SCV  
  52  4:25  SCV  
  52  4:26  Marine  
  52  4:30  Marine  
  55  4:33  Supply Depot  
  55  4:34  SCV  
  55  4:35  Marine  
  55  4:37  Starport Reactor  
  57  4:44  Marine  
  58  4:48  Marine  
  59  4:53  Marine  
  59  4:59  Engineering Bay, Stimpack  
  60  5:02  SCV  
  60  5:03  Supply Depot  
  60  5:04  SCV  
  60  5:06  Command Center, Unknown  
  62  5:22  Marine x3  
  62  5:23  Siege Tank, Medivac  
  70  5:32  Bunker  
  70  5:36  Bunker  
  70  5:39  Marine x2  
  70  5:40  Marine  
  70  5:41  Terran Infantry Weapons Level 1  
  73  5:46  Supply Depot  
  73  5:55  Siege Tank  
  76  5:57  Marine x3  
  79  6:17  Unknown  
  79  6:27  Marine x3  
  79  6:28  Siege Tank  
  85  6:36  Barracks  
  85  6:37  Engineering Bay, Barracks x2  
  85  6:39  Armory  
  85  6:42  Supply Depot  
  85  6:45  Orbital Command, Marine, Refinery  
  85  6:46  Refinery  
  85  6:47  SCV x2  
  88  6:59  SCV  
  88  7:11  Marine x3  
  88  7:12  Siege Tank  
  94  7:16  SCV x2  
  94  7:19  SCV  
  96  7:28  SCV  
  96  7:29  Marine x2, SCV  
  99  7:40  SCV  
  100  7:45  Marine  
  100  7:46  Marine  
  100  7:47  Marine, Barracks Reactor x2, Barracks Tech Lab  
  100  7:48  Medivac x2  
  107  7:52  Supply Depot  
  107  7:54  Supply Depot  
  107  7:55  Supply Depot  
  107  8:03  SCV x3  
  117  8:18  Refinery  
  120  8:19  Refinery  
Show
View Real Time Build Order
Export as new Build Order

A.I. 1 (Very Easy) Protoss 

Build Orders: 1 Gate Expand, Nexus First 

Get SALT Encoding   

  12  0:01  Probe (Chrono Boost)  
  13  0:11  Probe (Chrono Boost)  
  14  0:21  Pylon  
  14  0:42  Gateway  
  14  1:02  Nexus, Unknown  
  14  1:20  Pylon  
  14  1:23  Assimilator  
  14  1:28  Zealot  
  16  1:36  Cybernetics Core  
  16  1:39  Probe (Chrono Boost)  
  17  1:50  Probe (Chrono Boost)  
  18  2:01  Assimilator, Probe (Chrono Boost)  
  19  2:11  Stalker  
  19  2:12  Probe (Chrono Boost)  
  19  2:14  Unknown  
  23  2:15  Probe (Chrono Boost)  
  23  2:18  Warp Gate  
  24  2:23  Probe (Chrono Boost)  
  25  2:30  Probe (Chrono Boost)  
  26  2:38  Probe (Chrono Boost)  
  27  2:51  Assimilator, Probe (Chrono Boost)  
  27  2:53  Pylon  
  28  2:58  Probe (Chrono Boost)  
  29  3:06  Probe (Chrono Boost)  
  30  3:12  Probe (Chrono Boost)  
  30  3:13  Robotics Facility  
  30  3:26  Probe (Chrono Boost), Zealot  
  34  3:34  Probe (Chrono Boost)  
  35  3:41  Probe (Chrono Boost)  
  36  3:48  Probe (Chrono Boost)  
  36  3:55  Probe (Chrono Boost)  
  37  4:02  Probe (Chrono Boost), Observer  
  39  4:09  Probe (Chrono Boost)  
  40  4:16  Probe (Chrono Boost)  
  41  4:22  Observer  
  41  4:23  Assimilator  
  43  4:24  Probe (Chrono Boost)  
  43  4:30  Probe (Chrono Boost)  
  45  4:39  Probe (Chrono Boost), Sentry  
  45  4:41  Pylon  
  45  4:45  Probe (Chrono Boost)  
  48  4:52  Probe (Chrono Boost)  
  49  4:59  Probe (Chrono Boost)  
  42  5:26  Immortal  
  42  5:33  Probe (Chrono Boost), Pylon  
  43  5:40  Probe (Chrono Boost)  
  39  5:48  Probe (Chrono Boost)  
  37  5:55  Pylon  
  30  5:59  Probe (Chrono Boost)  
  30  6:02  Immortal  
  31  6:11  Probe (Chrono Boost)  
  36  6:22  Probe (Chrono Boost)  
  38  6:33  Probe (Chrono Boost)  
  38  6:39  Immortal  
  38  6:44  Probe (Chrono Boost)  
  43  6:56  Probe (Chrono Boost)  
  43  6:58  Pylon  
  44  7:05  Stalker  
  44  7:07  Probe (Chrono Boost)  
  37  7:20  Probe (Chrono Boost)  
  37  7:22  Pylon  
  32  7:31  Probe (Chrono Boost)  
  32  7:35  Pylon  
  36  7:42  Probe (Chrono Boost)  
Tags
 
Add a new tag
Caveats
  • Supply blocks, unpowered buildings, or Contaminate may cause inaccurate times.
  • Supply counts are checked every 10 seconds.